AoeStats
← Nexblux

Arabia

510257546Analyzed
1v1 RM · 3d ago on Sep 30, 2026· 53m 3s· 2 players
Game mode
Random Map
Map size
Tiny (2 player)
Population
200
Speed
Normal
Resources
Standard
Victory
Conquest
Starting age
Dark Age
Ending age
Imperial Age
RankedLock teamsTeams togetherTeam positionsShared explorationLock speedFull tech treeHidden civsTurbo modeCheats
Victory
Defeat
🇲🇽 Varangians · Mexico
1000
+16
🇦🇷 Hindustanis · Argentina
996
-16
Nexblux
9:27 Loom
11:20 Feudal Age
12:21 Double-Bit Axe
21:16 Castle Age
19:37 Scale Barding Armor
20:19 Gold Mining
20:12 Horse Collar
23:13 Chain Barding Armor
23:10 Bow Saw
25:36 Heavy Plow
28:25 Town Watch
29:20 Stone Mining
30:18 Wheelbarrow
32:56 Forging
32:46 Scale Mail Armor
36:51 Hand Cart
39:26 Imperial Age
39:43 Ballistics
40:16 Hand Cart
39:43 Heavy Camel Rider
41:16 Plate Barding Armor
45:36 Gold Shaft Mining
45:03 Grand Trunk Road
45:48 Siege Engineers
46:47 Chemistry
45:53 Siege Engineers
51:00 Two-Man Saw
Kenichimar
3:34 Loom
10:53 Feudal Age
11:21 Double-Bit Axe
12:13 Arson
13:11 Man-at-Arms
15:34 Horse Collar
18:57 Scale Mail Armor
22:28 Castle Age
21:17 Forging
22:04 Stone Mining
22:15 Fletching
23:40 Bow Saw
23:48 Bloodlines
23:54 Gold Mining
25:20 Wheelbarrow
27:03 Heavy Plow
28:27 Town Watch
31:14 Scale Barding Armor
34:03 Stone Shaft Mining
33:33 Husbandry
34:31 Bodkin Arrow
39:19 Imperial Age
40:31 Conscription
40:37 Squires
44:23 Gothikon
46:11 Chain Mail Armor
47:13 Hand Cart
47:39 Ballistics
47:25 Town Patrol
48:25 Plate Mail Armor
50:25 Iron Casting
49:43 Elite Varangian Guard
52:15 Blast Furnace
51:24 Padded Archer Armor
52:56 Bracer
Connection lost

Rejoining the realm…

Still unreachable

The connection could not be restored.

Session expired

The server has moved on; the page needs a fresh start.